EL
AKRON RUBBERDUCKS @ MONTGOMERY BISCUITS
09/11/2049
 
TOP OF THE 1ST
Akron RubberDucks batting - Pitching for Montgomery Biscuits : RHP Gerardo Fernandez
Pitching: RHP Gerardo Fernandez
Batting: LHB Stu Sornson 0-0: Ball
1-0: Ball
2-0: SINGLE (Line Drive, 5D, EV 101.9 MPH)
Batting: RHB Mitch Boyd 0-0: Hit by Pitch
Stu Sornson to second
Batting: RHB Tristan Wright 0-0: Ball
1-0: Called Strike
1-1: Ball
2-1: Ball
3-1: SINGLE (Line Drive, 8LS, EV 103.1 MPH)
Stu Sornson to third
Mitch Boyd to second
Runner from 3rd tries for Home, SAFE, throw by CF to home
Batting: LHB Costodio Varino 0-0: Ball
1-0: Foul Ball, location: 2F
1-1: Ball
2-1: Foul Ball, location: 2F
2-2: Foul Ball, location: 2F
2-2: Ball
3-2: Fielders Choice at 2nd, 6-4 (Groundball, 6, EV 95.0 MPH)
Mitch Boyd to third
Batting: RHB Justin Lauderdale 0-0: Fly out, F8 (Flyball, 8RXD, EV 88.1 MPH)
Runner from 3rd tags up, SCORES, no throw by CF
Batting: RHB Adam McMillen 0-0: Ball
1-0: Swinging Strike
1-1: Swinging Strike
1-2: Strikes out swinging
Top of the 1st over - 2 runs, 2 hits, 0 errors, 1 left on base; Akron 2 - Montgomery 0
BOTTOM OF THE 1ST
Montgomery Biscuits batting - Pitching for Akron RubberDucks : LHP Manny Trump
Pitching: LHP Manny Trump
Batting: RHB Adam Turpin 0-0: Ground out 5-3 (Groundball, 56S, EV 90.6 MPH)
Batting: RHB Dan Marks 0-0: Ball
1-0: Ground out 5-3 (Groundball, 56, EV 103.8 MPH)
Batting: SHB Wayne Hattan 0-0: Called Strike
0-1: Swinging Strike
0-2: Strikes out swinging
Bottom of the 1st over - 0 runs, 0 hits, 0 errors, 0 left on base; Akron 2 - Montgomery 0
TOP OF THE 2ND
Akron RubberDucks batting - Pitching for Montgomery Biscuits : RHP Gerardo Fernandez
Batting: LHB Johan de Vries 0-0: Ball
1-0: Ball
2-0: Ball
3-0: Called Strike
3-1: Foul Ball, location: 2F
3-2: DOUBLE (Line Drive, 9D, EV 89.4 MPH)
Batting: RHB Anibal Casteles 0-0: Called Strike
Johan de Vries steals 3rd base
0-1: DOUBLE (Groundball, 5L, EV 110.0 MPH)
Johan de Vries scores
Batting: RHB Kenzo Shinoda 0-0: Ground out 6-3 (Groundball, 6, EV 90.6 MPH)
Batting: LHB Stu Sornson 0-0: Foul Ball, location: 2F
0-1: Ball
1-1: Foul Ball, location: 2F
1-2: TRIPLE (Flyball, 78XD, EV 94.4 MPH)
Anibal Casteles scores
Batting: RHB Mitch Boyd 0-0: Foul Ball, location: 2F
0-1: Called Strike
0-2: Ball
1-2: Strikes out swinging
Batting: RHB Tristan Wright 0-0: Ball
1-0: Foul Ball, location: 2F
1-1: Foul Ball, location: 2F
1-2: Foul Ball, location: 2F
1-2: Strikes out swinging
Top of the 2nd over - 2 runs, 3 hits, 0 errors, 1 left on base; Akron 4 - Montgomery 0
BOTTOM OF THE 2ND
Montgomery Biscuits batting - Pitching for Akron RubberDucks : LHP Manny Trump
Batting: RHB Jason Penfield 0-0: Called Strike
0-1: Ground out 5-3 (Groundball, 56S, EV 68.8 MPH)
Batting: LHB Mario Ocana 0-0: Fly out, F8 (Flyball, 89M, EV 74.4 MPH)
Batting: RHB Alex Zamora 0-0: Foul Ball, location: 2F
0-1: Foul Ball, location: 2F
0-2: Strikes out looking
Bottom of the 2nd over - 0 runs, 0 hits, 0 errors, 0 left on base; Akron 4 - Montgomery 0
TOP OF THE 3RD
Akron RubberDucks batting - Pitching for Montgomery Biscuits : RHP Gerardo Fernandez
Batting: LHB Costodio Varino 0-0: Ball
1-0: Foul Ball, location: 2F
1-1: Foul Ball, location: 2F
1-2: Ball
2-2: Ball
3-2: Fly out, F8 (Line Drive, 8RD, EV 91.2 MPH)
Batting: RHB Justin Lauderdale 0-0: Ball
1-0: Ball
2-0: Fly out, F9 (Flyball, 89M, EV 94.4 MPH)
Batting: RHB Adam McMillen 0-0: Called Strike
0-1: Ground out 5-3 (Groundball, 56, EV 91.9 MPH)
Top of the 3rd over - 0 runs, 0 hits, 0 errors, 0 left on base; Akron 4 - Montgomery 0
BOTTOM OF THE 3RD
Montgomery Biscuits batting - Pitching for Akron RubberDucks : LHP Manny Trump
Batting: RHB John Downing 0-0: Called Strike
0-1: Ball
1-1: Ball
2-1: Swinging Strike
2-2: Strikes out swinging
Batting: RHB Dave Galloway 0-0: Foul Ball, location: 2F
0-1: Swinging Strike
0-2: Ball
1-2: DOUBLE (Line Drive, 8LXD, EV 96.2 MPH)
Batting: RHB Khalil Walker 0-0: Ball
1-0: Foul Ball, location: 2F
1-1: Ball
2-1: Ball
3-1: Foul Ball, location: 2F
3-2: Strikes out looking
Batting: RHB Adam Turpin 0-0: Foul Ball, location: 2F
0-1: Ball
1-1: Ball
2-1: Ball
3-1: Called Strike
3-2: Foul Ball, location: 2F
3-2: Foul Ball, location: 2F
3-2: Strikes out swinging wild pitch, reaches first!
Dave Galloway to third
Batting: RHB Dan Marks 0-0: Called Strike
0-1: Ground out 5-3 (Groundball, 56S, EV 65.0 MPH)
Bottom of the 3rd over - 0 runs, 1 hit, 0 errors, 2 left on base; Akron 4 - Montgomery 0
TOP OF THE 4TH
Akron RubberDucks batting - Pitching for Montgomery Biscuits : RHP Gerardo Fernandez
Batting: LHB Johan de Vries 0-0: Ground out 3-1 (Groundball, 34, EV 90.0 MPH)
Batting: RHB Anibal Casteles 0-0: Ball
1-0: Ball
2-0: Foul Ball, location: 2F
2-1: DOUBLE (Flyball, 8LXD, EV 101.9 MPH)
Batting: RHB Kenzo Shinoda 0-0: Ball
1-0: Ball
2-0: Ball
3-0: Called Strike
3-1: Foul Ball, location: 2F
3-2: Ground out U3 (Groundball, 34S, EV 79.4 MPH)
Anibal Casteles to third
Batting: LHB Stu Sornson 0-0: Foul Ball, location: 2F
0-1: Foul Ball, location: 2F
0-2: Foul Ball, location: 2F
0-2: Foul Ball, location: 2F
0-2: Ball
1-2: Ground out 4-3 (Groundball, 4M, EV 84.4 MPH)
Top of the 4th over - 0 runs, 1 hit, 0 errors, 1 left on base; Akron 4 - Montgomery 0
BOTTOM OF THE 4TH
Montgomery Biscuits batting - Pitching for Akron RubberDucks : LHP Manny Trump
Batting: SHB Wayne Hattan 0-0: Called Strike
0-1: Swinging Strike
0-2: Ground out 5-3 (Groundball, 56, EV 92.5 MPH)
Batting: RHB Jason Penfield 0-0: Ball
1-0: Foul Ball, location: 2F
1-1: Ball
2-1: Fly out, F7 (Flyball, 78S, EV 80.0 MPH)
Batting: LHB Mario Ocana 0-0: Ball
1-0: Called Strike
1-1: Foul Ball, location: 2F
1-2: Strikes out swinging
Bottom of the 4th over - 0 runs, 0 hits, 0 errors, 0 left on base; Akron 4 - Montgomery 0
TOP OF THE 5TH
Akron RubberDucks batting - Pitching for Montgomery Biscuits : RHP Gerardo Fernandez
Batting: RHB Mitch Boyd 0-0: Foul Ball, location: 2F
0-1: Fly out, F9 (Flyball, 9LM, EV 101.9 MPH)
Batting: RHB Tristan Wright 0-0: Ball
1-0: Foul Ball, location: 2F
1-1: Swinging Strike
1-2: Ball
2-2: Ball
3-2: Strikes out swinging
Batting: LHB Costodio Varino 0-0: Called Strike
0-1: Foul Ball, location: 2F
0-2: Ground out 5-3 (Groundball, 56S, EV 88.1 MPH)
Top of the 5th over - 0 runs, 0 hits, 0 errors, 0 left on base; Akron 4 - Montgomery 0
BOTTOM OF THE 5TH
Montgomery Biscuits batting - Pitching for Akron RubberDucks : LHP Manny Trump
Batting: RHB Alex Zamora 0-0: Ball
1-0: Called Strike
1-1: Ball
2-1: Called Strike
2-2: Strikes out looking
Batting: RHB John Downing 0-0: Foul Ball, location: 2F
0-1: Ball
1-1: Ball
2-1: Fly out, F8 (Flyball, 78D, EV 93.8 MPH)
Batting: RHB Dave Galloway 0-0: Called Strike
0-1: Swinging Strike
0-2: Strikes out swinging
Bottom of the 5th over - 0 runs, 0 hits, 0 errors, 0 left on base; Akron 4 - Montgomery 0
TOP OF THE 6TH
Akron RubberDucks batting - Pitching for Montgomery Biscuits : RHP Gerardo Fernandez
Batting: RHB Justin Lauderdale 0-0: Called Strike
0-1: Ball
1-1: Ball
2-1: Called Strike
2-2: Strikes out swinging, 2-3 out at first.
Batting: RHB Adam McMillen 0-0: Called Strike
0-1: Ball
1-1: Ball
2-1: Foul Ball, location: 2F
2-2: Foul Ball, location: 2F
2-2: Ball
3-2: Foul Ball, location: 2F
3-2: Base on Balls
Batting: LHB Johan de Vries 0-0: Called Strike
Adam McMillen steals 2nd, throwing error, E2
Adam McMillen to third
0-1: Ball
1-1: Swinging Strike
1-2: SINGLE (Groundball, 34D, EV 106.2 MPH)
Adam McMillen scores
Pitching: RHP Cameron Bianchi
Batting: RHB Anibal Casteles 0-0: Called Strike
0-1: Called Strike
0-2: Strikes out swinging
Batting: RHB Kenzo Shinoda 0-0: Ball
1-0: Ball
2-0: Swinging Strike
2-1: Foul Ball, location: 2F
2-2: Strikes out swinging
Top of the 6th over - 1 run, 1 hit, 1 error, 1 left on base; Akron 5 - Montgomery 0
BOTTOM OF THE 6TH
Montgomery Biscuits batting - Pitching for Akron RubberDucks : LHP Manny Trump
Batting: RHB Khalil Walker 0-0: Ball
1-0: Ground out 6-3 (Groundball, 6, EV 104.4 MPH)
Batting: RHB Adam Turpin 0-0: Ball
1-0: Ball
2-0: Ground out 6-3 (Groundball, 6, EV 105.0 MPH)
Batting: RHB Dan Marks 0-0: Ball
1-0: Called Strike
1-1: Ball
2-1: Foul Ball, location: 2F
2-2: Strikes out swinging
Bottom of the 6th over - 0 runs, 0 hits, 0 errors, 0 left on base; Akron 5 - Montgomery 0
TOP OF THE 7TH
Akron RubberDucks batting - Pitching for Montgomery Biscuits : RHP Cameron Bianchi
Batting: LHB Stu Sornson 0-0: Ball
1-0: Foul Ball, location: 2F
1-1: Fly out, F7 (Flyball, 78S, EV 86.2 MPH)
Batting: RHB Mitch Boyd 0-0: Foul Ball, location: 2F
0-1: Ball
1-1: DOUBLE (Line Drive, 9LD, EV 111.9 MPH)
Batting: RHB Tristan Wright 0-0: Called Strike
0-1: Ball
1-1: Ball
Mitch Boyd steals 3rd base
2-1: SINGLE (Groundball, 6D, EV 97.5 MPH)
Mitch Boyd scores
Batting: LHB Costodio Varino Balk!
Tristan Wright to second
0-0: Foul Ball, location: 2F
0-1: Foul Ball, location: 2F
0-2: Fly out, F7 (Line Drive, 7, EV 98.1 MPH)
Batting: RHB Justin Lauderdale 0-0: Called Strike
0-1: Foul Ball, location: 2F
0-2: Ball
1-2: Foul Ball, location: 2F
1-2: Strikes out swinging
Top of the 7th over - 1 run, 2 hits, 0 errors, 1 left on base; Akron 6 - Montgomery 0
BOTTOM OF THE 7TH
Montgomery Biscuits batting - Pitching for Akron RubberDucks : LHP Manny Trump
Now at 2B: Johan de Vries
Now at 3B: Javon Mitchell
Now in LF: Jarrod Lindblad
Batting: SHB Wayne Hattan 0-0: Called Strike
0-1: Ball
1-1: Ball
2-1: Ground out 5-3 (Groundball, 56, EV 83.1 MPH)
Batting: RHB Jason Penfield 0-0: Ball
1-0: DOUBLE (Flyball, 78XD, EV 110.0 MPH)
Batting: LHB Mario Ocana 0-0: Called Strike
0-1: Foul Ball, location: 2F
0-2: Strikes out swinging
Batting: RHB Alex Zamora 0-0: Ball
1-0: Foul Ball, location: 2F
1-1: Ball
2-1: Foul Ball, location: 2F
2-2: Foul Ball, location: 2F
2-2: Strikes out swinging
Bottom of the 7th over - 0 runs, 1 hit, 0 errors, 1 left on base; Akron 6 - Montgomery 0
TOP OF THE 8TH
Akron RubberDucks batting - Pitching for Montgomery Biscuits : RHP Cameron Bianchi
Batting: RHB Adam McMillen 0-0: Called Strike
0-1: Ground out 5-3 (Groundball, 56S, EV 65.0 MPH)
Batting: LHB Johan de Vries 0-0: Ground out 4-3 (Groundball, 34D, EV 98.1 MPH)
Batting: RHB Anibal Casteles 0-0: Fly out, F7 (Flyball, 8LS, EV 88.1 MPH)
Top of the 8th over - 0 runs, 0 hits, 0 errors, 0 left on base; Akron 6 - Montgomery 0
BOTTOM OF THE 8TH
Montgomery Biscuits batting - Pitching for Akron RubberDucks : LHP Manny Trump
Now at 2B: Javon Mitchell
Now at 3B: Chris Diaz
Batting: RHB John Downing 0-0: Called Strike
0-1: Ground out 6-3 (Groundball, 6, EV 90.6 MPH)
Batting: RHB Dave Galloway 0-0: Swinging Strike
0-1: Ground out 5-3 (Groundball, 5, EV 87.5 MPH)
Batting: RHB Khalil Walker 0-0: Called Strike
0-1: DOUBLE (Line Drive, 89D, EV 105.0 MPH)
Batting: RHB Adam Turpin 0-0: Called Strike
0-1: Ball
Wild Pitch!
Khalil Walker to third
1-1: Foul Ball, location: 2F
1-2: Foul Ball, location: 2F
1-2: Ball
2-2: SINGLE (Groundball, 4MD, EV 100.0 MPH)
Khalil Walker scores
Batting: RHB Dan Marks 0-0: Swinging Strike
0-1: Swinging Strike
0-2: Strikes out swinging
Bottom of the 8th over - 1 run, 2 hits, 0 errors, 1 left on base; Akron 6 - Montgomery 1
TOP OF THE 9TH
Akron RubberDucks batting - Pitching for Montgomery Biscuits : RHP Cameron Bianchi
Batting: RHB Kenzo Shinoda 0-0: Fly out, F7 (Flyball, 7LM, EV 93.1 MPH)
Batting: SHB Jarrod Lindblad 0-0: Ball
1-0: Foul Ball, location: 2F
1-1: DOUBLE (Line Drive, 89D, EV 98.1 MPH)
Batting: SHB Javon Mitchell 0-0: Ball
1-0: Foul Ball, location: 2F
1-1: Ground out 6-3 (Groundball, 6S, EV 93.1 MPH)
Batting: RHB Tristan Wright 0-0: Ball
1-0: Swinging Strike
1-1: Foul Ball, location: 2F
1-2: Ball
2-2: Foul Ball, location: 2F
2-2: Foul Ball, location: 2F
2-2: Foul Ball, location: 2F
2-2: Ground out 4-3 (Groundball, 4M, EV 101.2 MPH)
Top of the 9th over - 0 runs, 1 hit, 0 errors, 1 left on base; Akron 6 - Montgomery 1
BOTTOM OF THE 9TH
Montgomery Biscuits batting - Pitching for Akron RubberDucks : LHP Manny Trump
Batting: SHB Wayne Hattan 0-0: Foul Ball, location: 2F
0-1: Ball
1-1: Ground out 5-3 (Groundball, 5S, EV 65.6 MPH)
Batting: RHB Jason Penfield 0-0: Ball
1-0: Ball
2-0: Ball
3-0: Called Strike
3-1: Foul Ball, location: 2F
3-2: Base on Balls
Batting: LHB Mario Ocana 0-0: Ball
1-0: Called Strike
1-1: Swinging Strike
1-2: Ball
2-2: Ball
3-2: Foul Ball, location: 2F
3-2: SINGLE (Groundball, 56D, EV 103.8 MPH)
Jason Penfield to second
Pitching: RHP Jim Averette
Batting: RHB Alex Zamora 0-0: Ball
1-0: Ball
2-0: Swinging Strike
2-1: Ball
3-1: Foul Ball, location: 2F
3-2: Base on Balls
Jason Penfield to third
Mario Ocana to second
Batting: RHB John Downing 0-0: Fly out, F7 (Line Drive, 78S, EV 106.9 MPH)
Batting: RHB Dave Galloway 0-0: Called Strike
0-1: Swinging Strike
0-2: Strikes out swinging
Bottom of the 9th over - 0 runs, 1 hit, 0 errors, 3 left on base; Akron 6 - Montgomery 1
Sunday, July 16th , 2023 - OOTP Baseball 24.6 Build 69